 Dungeon Crawl Stone Soup version 0.23-a0-175-g97aacdb (webtiles) character file.

18 Amnesiac the Chiller (level 2, 19/19 HPs)
             Began as a Mummy Ice Elementalist on Sept 16, 2018.
             Quit the game in the Ecumenical Temple.
             The game lasted 00:02:26 (778 turns).

Amnesiac the Chiller (Mummy Ice Elementalist)        Turns: 778, Time: 00:02:27

Health: 19/19      AC:  3    Str: 11    XL:     2   Next: 51%
Magic:  6/6        EV: 12    Int: 14    God:
Gold:   88         SH:  0    Dex: 12    Spells: 4/7 levels left

rFire    x . .     SeeInvis .   (no weapon)
rCold    + . .     Gourm    .   (no shield)
rNeg     + + +     Faith    .   a - +0 robe
rPois    ∞         Spirit   .   (no helmet)
rElec    .         Reflect  .   (no cloak)
rCorr    .         Harm     .   b - +0 pair of gloves
MR       .....                  (no boots)
Stlth    ++........             (no amulet)
HPRegen  0.06/turn              (no ring)
MPRegen  0.10/turn              (no ring)

@: no status effects
A: no food or potions, fire vulnerability, cold resistance 1, negative energy
resistance 3, torment resistance, unbreathing
a: no special abilities


You were in the Ecumenical Temple.
You were not hungry.

You visited 2 branches of the dungeon, and saw 5 of its levels.

You collected 88 gold pieces.

Inventory:

Armour
 a - a +0 robe (worn)
 b - a +0 pair of gloves (worn)
 d - a +0 helmet
Scrolls
 c - 2 scrolls of identify {!r, unknown}


   Skills:
 - Level 1.5 Dodging
 - Level 1.5 Stealth
 + Level 3.0 Spellcasting
 - Level 0.7 Conjurations
 * Level 3.0 Ice Magic


You had 4 spell levels left.
You knew the following spells:

 Your Spells              Type           Power        Failure   Level  Hunger
a - Freeze                Ice            ##..         6%          1    N/A
e - Throw Frost           Conj/Ice       #.....       14%         2    N/A

Your spell library contained the following spells:

 Spells                   Type           Power        Failure   Level  Hunger
 Ozocubu's Armour         Chrm/Ice       #.......     34%         3    N/A
 Throw Icicle             Conj/Ice       #.......     67%         4    N/A
 Summon Ice Beast         Ice/Summ       #.......     75%         4    N/A

Dungeon Overview and Level Annotations

Branches:
Dungeon (4/15)             Temple (1/1) D:4

Altars:
Ashenzari
Dithmenos
Gozag
Nemelex Xobeh
Qazlal
Trog
Uskayaw
Xom
Yredelemnul
Zin

Annotations:
D:4 1 transporter, Robin


Innate Abilities, Weirdness & Mutations

You do not eat or drink.
Your flesh is vulnerable to fire.
You are immune to poison.
Your flesh is cold resistant. (rC+)
You are immune to negative energy. (rN+++)
You are immune to unholy pain and torment.
You can survive without breathing.


Message History

Press: ? - help, Shift-Dir - straight line, f/p - quokka
Aim: a quokka (almost dead)
You freeze the quokka.
You kill the quokka!
There is a stone staircase leading down here.
You start resting.
Magic restored.
There is a stone staircase leading down here.
You start resting.
HP restored.
You start resting.
Magic restored.
You start resting.
HP restored.
You climb downwards.
There is a stone staircase leading up here.
You climb upwards.
There is a stone staircase leading down here.
There is a stone staircase leading down here.
You climb downwards.
There is a stone staircase leading up here.
There is an open door here.
You open the door.
A scorpion and a hobgoblin come into view.
Found a transporter. 8 goblins, 2 hobgoblins and Robin come into view.
The goblin shouts!
The hobgoblin shouts!
The goblin shouts! x3
You hear a shout! x2
The goblin moves out of view.
The goblin shouts!
There is an open door here.
An orc priest comes into view. It is wielding a mace.
An orc wizard comes into view. It is wielding a dagger.
Found 34 gold pieces.
The orc priest mumbles some strange prayers to Beogh against you.
Beogh smites you!
Ouch! That really hurt!
* * * LOW HITPOINT WARNING * * *
The goblin shouts!
You hear a shout!
Found a dagger.
Found a staircase to the Ecumenical Temple.
You see here a dagger.
There is a staircase to the Ecumenical Temple here.
You climb downwards.
Welcome to the Ecumenical Temple!
Found a hide-covered altar of Uskayaw.
There is a staircase back to the Dungeon here.
You start resting.
HP restored.
Found a sparkling altar of Nemelex Xobeh and a shimmering altar of Xom.
Found a bloodstained altar of Trog.
Found a stormy altar of Qazlal and a shadowy altar of Dithmenos.
Found a shattered altar of Ashenzari.
There is a fountain of clear blue water here.
There is a shattered altar of Ashenzari here.
Found a glowing silver altar of Zin.
Found an opulent altar of Gozag.
Found a basalt altar of Yredelemnul.
Done exploring.
Done exploring.
Done exploring.
There is a basalt altar of Yredelemnul here.
There is a staircase back to the Dungeon here.
Are you sure you want to abandon this character and quit the game? (Confirm

#._....##...........##...._.#
#...#...#.⌠.#####.⌠.#...#...#
#####._.....#...#....._.#####
#...##.##._.##.##...#
#####...#...#...#####
#._......._.# #...##.##...#
#####...##### #.@.# #...#
#####


There were no monsters in sight!

Vanquished Creatures
  2 dart slugs (D:1)
  A leopard gecko (D:2)
  2 goblins
  2 hobgoblins (D:2)
  2 jackals (D:2)
  A quokka (D:3)
  A kobold (D:2)
  A rat (D:3)
12 creatures vanquished.

Notes
Turn   | Place    | Note
-------+----------+-------------------------------------------
     0 | D:1      | Amnesiac the Mummy Ice Elementalist began the quest for the
                  | Orb.
     0 | D:1      | Reached XP level 1. HP: 13/13 MP: 4/4
   166 | D:2      | Reached XP level 2. HP: 17/19 MP: 2/5
   170 | D:2      | Learned a level 2 spell: Throw Frost
   608 | D:4      | Found a transporter.
   608 | D:4      | Noticed a scorpion
   609 | D:4      | Noticed Robin
   618 | D:4      | Found a staircase to the Ecumenical Temple.
   627 | Temple   | Entered the Ecumenical Temple
   778 | Temple   | Quit the game

Vault maps used:
D:1:      minmay_arrival_four_houses
D:2:      serial_bayou, serial_bayou_lake_a, serial_bayou_pond_b,
          serial_bayou_pond_e, serial_bayou_ford_a, palyth_stone_intersect,
          grunt_ministairs_13, guppyfry_early_orc_mine
D:3:      cheibrodos_pilgrimage, lemuel_coloured_pillars_altar,
          nicolae_overflow_crystal_walls, first_ration, uniq_crazy_yiuf_cottage,
          uniq_ijyb
D:4:      lemuel_upstairs_altar, lemuel_blue_sif_altar,
          gammafunk_temple_overflow_arena, temple_hall, minmay_vboxes,
          uniq_robin, uniq_menkaure, uniq_edmund
Temple:   eino_wide_crystal_templ

Skill      XL: |  1  2 |
---------------+-------+-----
Ice Magic      | 3 |  3.0
Spellcasting   | 3 |  3.0
Dodging        | |  1.5
Stealth        | |  1.5
Conjurations   | |  0.7

Action                   || total
-------------------------++-------
Melee: Unarmed           ||     1
 Cast: Freeze            ||    21
Armor: Robe              ||    10
Dodge: Dodged            ||    17

Table legend:
 A = Non-vault XP
 B = Vault XP
 C = Vault XP percentage of total XP
 D = Non-vault monster count
 E = Vault monster count
 F = Vault count percentage of total count
                 A         B        C        D         E       F
            +---------+---------+-------+---------+---------+-------
      Total |      24 |       3 |  11.1 |      11 |       1 |   8.3
            +---------+---------+-------+---------+---------+-------
        D:1 |       8 |       0 |   0.0 |       2 |       0 |   0.0
        D:2 |      11 |       3 |  21.4 |       6 |       1 |  14.3
        D:3 |       5 |       0 |   0.0 |       3 |       0 |   0.0
            +---------+---------+-------+---------+---------+-------
